[Event "French-ch U12-U14 2024"]
[Site "Agen"]
[Date "2024.04.20"]
[Round "8.13"]
[White "Nicot, Anna"]
[Black "Pereira Garza, Cecilia"]
[Result "0-1"]
[ECO "A46"]
[WhiteElo "1649"]
[BlackElo "1725"]
[Annotator "NA RC COMBH"]
[PlyCount "100"]
[EventDate "2024.04.14"]
[EventType "swiss"]
[EventCountry "FRA"]
[SourceTitle "playchess.com"]
[Source "ChessBase"]
[SourceQuality "1"]
[TimeControl "5400+30"]

1. d4 d5 2. Nf3 e6 3. g3 Nf6 4. Bg2 b5 5. O-O Be7 6. a4 b4 7. c4 bxc3 8. Nxc3 O-O 9. Bf4 c6 10. Rc1 Nbd7 11. Qb3 Ba6 12. Rfe1 c5 13. dxc5 Nxc5 14. Qc2 Rc8 15. Qd1 Qb6 16. Rb1 Bd6 17. Bxd6 Qxd6 18. e4 Qb6 19. exd5 Nd3 20. Rf1 exd5 21. Qd2 Qc5 22. Bh3 Rb8 23. Rfd1 Ne4 24. Nxe4 dxe4 25. Ne1 Nxe1 26. Qxe1 Bd3 27. Rbc1 Qb4 28. Qxb4 Rxb4 29. b3 Rxb3 30. Rc7 a6 31. Ra1 Rfb8 32. Rac1 Rb1 33. Rc8+ Rxc8 34. Rxb1 Bxb1 35. Bxc8 a5 36. Bd7 Kf8 37. Kf1 Ke7 38. Bb5 Kd6 39. Ke2 Kc5 40. Be8 Kb4 41. Bxf7 Kxa4 42. Kd1 Ka3 43. Kc1 Bd3 44. Bg8 h6 45. h4 Kb4 46. Ba2 a4 47. g4 a3 48. g5 hxg5 49. hxg5 Bc4 50. Bxc4 Kxc4 0-1

[Event "French-ch U12-U14 2024"]
[Site "Agen"]
[Date "2024.04.20"]
[Round "8.15"]
[White "Dubin, Lisa"]
[Black "Ramette, Charlie"]
[Result "1-0"]
[ECO "C02"]
[WhiteElo "1711"]
[BlackElo "1667"]
[Annotator "NA RC COMBH"]
[PlyCount "81"]
[EventDate "2024.04.14"]
[EventType "swiss"]
[EventCountry "FRA"]
[SourceTitle "playchess.com"]
[Source "ChessBase"]
[SourceQuality "1"]
[TimeControl "5400+30"]

1. e4 e6 2. d4 d5 3. e5 c5 4. c3 Nc6 5. Nf3 Qb6 6. Bd3 Bd7 7. dxc5 Bxc5 8. O-O Nge7 9. b4 Nxb4 10. cxb4 Bd4 11. Nxd4 Qxd4 12. Qb3 Nc6 13. Bb5 Qxa1 14. Bb2 Nd4 15. Bxd7+ Kxd7 16. Qa4+ b5 17. Qa6 Qxb2 18. Qb7+ Kd8 19. Qxa8+ Kd7 20. Qxh8 Ne2+ 21. Kh1 Qxe5 22. Qxh7 Nf4 23. Qc2 Qg5 24. g3 Qh5 25. f3 Ng6 26. Qc5 Ne5 27. Qxa7+ Kd6 28. Qc5+ Kd7 29. Qxb5+ Ke7 30. a4 Nc4 31. a5 Qf5 32. Qc5+ Kf6 33. Qd4+ Ke7 34. a6 Qc2 35. a7 Qe2 36. Qc5+ Kf6 37. Qf2 Qxf2 38. Rxf2 Nb6 39. Nc3 Ke7 40. Nb5 Kd7 41. Rc2 1-0

[Event "French-ch U12-U14 2024"]
[Site "Agen"]
[Date "2024.04.20"]
[Round "8.17"]
[White "Bonelli Maestracci, Pierre Joseph"]
[Black "Negre, Emilie"]
[Result "1/2-1/2"]
[ECO "C63"]
[WhiteElo "2044"]
[BlackElo "1922"]
[Annotator "TA"]
[PlyCount "158"]
[EventDate "2024.04.14"]
[EventType "swiss"]
[EventCountry "FRA"]
[SourceTitle "playchess.com"]
[Source "ChessBase"]
[SourceQuality "1"]
[TimeControl "5400+30"]

1. e4 e5 2. Nf3 Nc6 3. Bb5 f5 4. d3 fxe4 5. dxe4 Nf6 6. c3 (6. Qd3 $14) 6... d6 7. O-O Be7 8. Qc2 ({White should try} 8. Nbd2 $14) 8... O-O $11 9. a4 Qe8 10. Re1 Qg6 11. Nfd2 (11. Bf1 $15) 11... Nh5 12. Nf1 Be6 13. Be2 Nf4 14. Bxf4 ({White should play} 14. Ng3 $1 $15) 14... Rxf4 (14... exf4 $17 15. f3 d5) 15. Ng3 Bh4 ({Better is} 15... Raf8 $17 16. Nd2 Kh8 (16... Rxf2 17. Rf1 $17)) 16. Nd2 Raf8 17. Rf1 Qf7 18. Nf3 (18. Nf5 $1 $11) 18... Kh8 19. Nxh4 Rxh4 20. b4 Rf4 (20... Rh6 {seems wilder.} 21. Qd1 a5 22. b5 Ne7) 21. Bd3 (21. Qd2 $11) 21... Ne7 (21... a5 $15 22. Qd2 axb4 23. cxb4 Nd4) 22. Qe2 Ng6 (22... Rh4 {is interesting.} 23. Qe3 Ng6 24. Rfd1 Nf4) 23. Qe3 a6 24. f3 Rh4 25. Ne2 (25. Nf5 $11 {and White is okay.} Bxf5 26. exf5) 25... Nf4 $1 $19 {[%emt 0:01:50] White must now prevent ...Qh5.} 26. g3 {[%emt 0:02:12] [#]} (26. Rfe1 $17 {might work better.}) 26... Nh3+ $2 (26... Qg6 $1 $19 {[%cal Oh4h2] And now ...Rxh2! would win.} 27. Rf2 Nh3+ 28. Kh1 Qh6 (28... Nxf2+ $2 29. Qxf2 Rh6 30. Rf1 $19)) 27. Kh1 $11 Rh6 28. f4 {[%emt 0:00:44] [#]} (28. Ng1 $1 $11) 28... exf4 (28... Bg4 $1 $17 29. f5 Qh5) 29. Nxf4 Nxf4 30. Rxf4 Rf6 31. Raf1 Qe7 32. Kg1 Bh3 33. R1f2 Qe5 (33... h6 $11 {remains equal.}) 34. Bf1 (34. Rxf6 $16 Rxf6 35. Qa7) 34... Bf5 35. Bg2 (35. Rxf5 Rxf5 36. Rxf5 Rxf5 $19) 35... Bg6 36. Rxf6 Rxf6 37. Rxf6 gxf6 {[%emt 0:00:17][%mdl 4096] Endgame. KQB-KQB} 38. Kf2 Kg7 39. Bf3 Qe6 40. a5 Qe5 41. Qd4 Bf7 42. h4 (42. Qxe5 {simplifies} fxe5 43. Bg4 Bc4 44. h4) 42... b6 $2 43. axb6 $2 (43. Qxe5 $18 {White threatens Qe7 and mate.} dxe5 44. Be2) 43... Qxd4+ 44. cxd4 cxb6 $18 {[%emt 0:00:05] KB-KB} 45. Ke3 Bc4 46. Kd2 Kf7 47. Kc3 Bb5 48. Bg4 Ke7 49. Bf5 h6 50. Bh7 Be2 51. Bg8 Kd7 52. Bb3 Kc6 53. Ba4+ Kc7 54. Bb3 Kc6 55. Ba4+ Kb7 56. Bb3 Kc7 57. Be6 Kc6 58. Bb3 Kb5 59. Be6 Ka4 60. g4 {[%emt 0:00:36] Hoping for h5.} a5 $2 (60... Bf3 $11) 61. Bd7+ $2 (61. bxa5 $18 bxa5 62. Bd7+ Ka3 63. e5 fxe5 (63... dxe5 64. d5 $18) 64. dxe5 dxe5 65. Bf5 (65. g5 hxg5 66. hxg5 Bh5 $11)) 61... b5 $1 $11 {[%emt 0:00:00] The position is equal.} 62. bxa5 Kxa5 63. Be6 Ka4 64. e5 dxe5 65. dxe5 (65. Kd2 $5 Bf3 $8 66. dxe5 fxe5 67. Ke3 $11) 65... fxe5 66. g5 (66. Kd2 $5 Bf3 $8 67. Ke3 $11) 66... hxg5 67. hxg5 Bh5 {[%emt 0:00:28] Prevents g6} 68. Bf5 Ka3 69. g6 b4+ 70. Kc2 b3+ 71. Kd2 Bf3 72. g7 Bd5 73. Ke3 b2 74. Bb1 Kb3 75. Kd2 Bg8 76. Kd3 $1 Bh7+ 77. Kd2 Bg8 (77... Bxb1 78. g8=Q+ (78. g8=R $2 {too greedy.} Be4 $19) 78... Kb4 79. Qf8+ Ka4 80. Qb8 (80. Kc3 Kb5 81. Qf1+ Kc5 82. Qxb1 Kd6 83. Qxb2 Ke6 84. Qb6+ Kf5) 80... Bh7 81. Qxb2 (81. Qxe5 b1=Q $11) 81... Ka5 82. Ke3 (82. Qxe5+ Kb6 83. Qd6+ Kb5 84. Ke3 Bg8 85. Kd4 Bf7 86. Qc5+ Ka6 87. Qc6+ Ka7)) 78. Kd3 Ka3 79. Ke4 Kb3 {[%emt 0:00:15] Never resign too early!   Weighted Error Value: White=0.34/Black=0.45.  Loses game:     	White=1     	Black=2      Missed win:     	White=2     	Black=1      Mistake:       	White=8     	Black=5      Inaccurate:     	White=3     	Black=4      OK:         	White=20    	Black=22     Best:        	White=2     	Black=2      Strong:       	White=1     	Black=2} 1/2-1/2

[Event "French-ch U12-U14 2024"]
[Site "Agen"]
[Date "2024.04.20"]
[Round "8.18"]
[White "Pon Le Brun, Gregoire"]
[Black "Laignel, Quentin"]
[Result "1/2-1/2"]
[ECO "B13"]
[WhiteElo "1900"]
[BlackElo "2023"]
[Annotator "TA"]
[PlyCount "84"]
[EventDate "2024.04.14"]
[EventType "swiss"]
[EventCountry "FRA"]
[SourceTitle "playchess.com"]
[Source "ChessBase"]
[SourceQuality "1"]
[TimeControl "5400+30"]

1. e4 c6 2. d4 d5 3. exd5 cxd5 4. Bd3 Nc6 5. c3 Qc7 6. Ne2 Bg4 7. O-O e6 8. Qe1 Bd6 9. f3 {[%emt 0:10:15] White is slightly better.} Bf5 (9... Bxh2+ $2 {loses.} 10. Kh1 $18) 10. Bxf5 exf5 11. Bf4 Nge7 12. Qg3 Bxf4 13. Nxf4 O-O 14. Nd2 Rfd8 15. Rf2 Rac8 16. Nb3 Ng6 17. Nxg6 hxg6 18. Qxc7 Rxc7 19. Re1 g5 20. Rfe2 Kf8 21. Nc5 Ne7 22. Nd3 b6 23. Nb4 Rdd7 24. Re5 Rd6 25. Kf2 f6 26. Re6 Rcd7 27. R6e2 Kf7 28. g3 Rc7 29. Na6 ({White should play} 29. h4 $14) 29... Rb7 $11 30. Kg2 f4 31. g4 Nc6 32. Re8 ({White should try} 32. Rh1 $1 $11) 32... Rd8 (32... Na5 $1 $15) 33. R8e2 (33. Rxd8 $11 {keeps the balance.} Nxd8 34. Rh1) 33... Re7 (33... Rbd7 $17) 34. Rxe7+ Nxe7 {[%emt 0:00:00][%mdl 4096] Endgame. KRN-KRN} 35. Nc7 Rd7 36. Nb5 Nc6 37. Re2 Na5 (37... a6 $5 38. Na3 $8 g6 $17) 38. Na3 Nb7 39. Nb5 Nd8 (39... a6 $17 40. Na3 Nd6) 40. Kg1 Nc6 41. Kg2 $1 Na5 42. Na3 $1 Nc6 {[%emt 0:01:45] Weighted Error Value: White=0.16 (very precise) /Black=0.20 (precise) .  Mistake:       	White=3     	Black=4      Inaccurate:     	White=4     	Black=2      OK:         	White=9     	Black=10     Best:        	White=2     	---        Strong:       	White=2     	---} (42... Rd8 $15) 1/2-1/2

[Event "French-ch U12-U14 2024"]
[Site "Agen"]
[Date "2024.04.20"]
[Round "8.19"]
[White "Boulos, Paul"]
[Black "Breuil, Virgile"]
[Result "0-1"]
[ECO "C91"]
[WhiteElo "2189"]
[BlackElo "2307"]
[Annotator "TA"]
[PlyCount "70"]
[EventDate "2024.04.14"]
[EventType "swiss"]
[EventCountry "FRA"]
[SourceTitle "playchess.com"]
[Source "ChessBase"]
[SourceQuality "1"]
[TimeControl "5400+30"]

1. e4 e5 2. Nf3 Nc6 3. Bb5 a6 4. Ba4 Nf6 5. O-O Be7 6. Re1 b5 7. Bb3 d6 8. c3 O-O 9. d4 Bg4 10. Be3 exd4 11. cxd4 Na5 12. Bc2 c5 13. Nc3 Rc8 (13... Nc4 $11) 14. h3 (14. e5 $14 Nd7 15. exd6 Bxd6 16. Qd3 (16. Bxh7+ $2 Kxh7 17. h3 Bf5 $19)) 14... Bxf3 $15 15. gxf3 {[%emt 0:01:48] Black is slightly better.} Nc4 16. dxc5 Nxe3 (16... dxc5 $6 17. Bc1 $11) ({Black should play} 16... Nxb2 $17 17. Qe2 Nc4 (17... dxc5 18. e5 $11)) 17. fxe3 Rxc5 (17... dxc5 $6 18. e5 Nd7 19. f4 $11) 18. Bd3 Rh5 19. Bf1 d5 20. exd5 b4 {[%emt 0:00:34] Black is more active.} 21. Ne4 {[%emt 0:04:14] d6 would now be deadly.} Rxd5 22. Nxf6+ Bxf6 23. Qb3 {[%emt 0:02:06][%cal Of3f4] White is weak on the dark squares} Qd6 $36 {[%emt 0:07:18][%mdl 2048] Black has strong initiative.} 24. f4 {[%emt 0:09:31] [#]} Rd8 $1 25. Re2 (25. Rac1 $17 {was worth a try.}) 25... Rd3 $19 26. Qc2 Qb6 27. Rae1 Bh4 28. Rc1 Rxe3 29. Qc5 Qg6+ 30. Rg2 Qe4 (30... Rxh3 $2 {perishes.} 31. Rxg6 Rf3 32. Rg4 (32. Rxa6 g6 $18) 32... Bf2+ 33. Qxf2 Rxf2 34. Kxf2 $18) (30... Qe6 $19 31. Qc4 Qd6 (31... Qxh3 32. Rxg7+ Kxg7 33. Bxh3 $11)) 31. Rc4 $2 {[%emt 0:01:16][%mdl 8192] Loses the game.} (31. Qe5 $17 {was the crucial defense.} Qxe5 32. fxe5) 31... Qf3 {[%emt 0:00:45][%cal Of3f1] ( -> ...Qxf1+!). Black is clearly winning.} 32. Rc1 Qxf4 33. Bxa6 (33. Qc7 $142 Qh6 34. Rg4) 33... Rg3 34. Bf1 Rxg2+ 35. Bxg2 {[%emt 0:00:01] [#]} Bf2+ $1 {[%emt 0:23:49][%mdl 512] Weighted Error Value: White=0.91/Black=0.62.  Loses game:     	White=1     	---        Mistake:       	White=3     	Black=3      Inaccurate:     	White=4     	Black=1      OK:         	White=7     	Black=8      Best:        	White=2     	Black=4} 0-1

[Event "French-ch U12-U14 2024"]
[Site "Agen"]
[Date "2024.04.20"]
[Round "8.20"]
[White "Charlier, Antoine"]
[Black "Plaidit, Hugo"]
[Result "0-1"]
[ECO "E60"]
[WhiteElo "2053"]
[BlackElo "1981"]
[Annotator "TA"]
[PlyCount "92"]
[EventDate "2024.04.14"]
[EventType "swiss"]
[EventCountry "FRA"]
[SourceTitle "playchess.com"]
[Source "ChessBase"]
[SourceQuality "1"]
[TimeControl "5400+30"]

1. d4 Nf6 2. c4 g6 3. h4 Bg7 4. Nc3 d6 5. e4 Nc6 6. Nf3 Bg4 7. Be2 h5 8. Bg5 {[%emt 0:04:34] White is slightly better.} Nd7 9. d5 Nce5 10. Qd2 c6 11. Nxe5 Nxe5 12. f3 Bd7 13. Be3 Qa5 14. f4 Ng4 15. Bd4 Bxd4 16. Qxd4 {[%emt 0:00:00][%cal Rd4h8] [#]} O-O 17. Bxg4 Bxg4 18. O-O Qb6 19. Qxb6 axb6 20. g3 Rfe8 21. Rf2 e5 22. fxe5 Rxe5 23. Rf6 Rd8 24. Raf1 Rd7 25. R6f4 Kg7 26. Na4 b5 (26... Rde7 $11) 27. cxb5 $2 (27. Nb6 $18 Rd8 28. Rxf7+ Kh8 29. Rxb7) 27... cxb5 $15 28. Nc3 b4 29. Nb1 Rde7 30. Nd2 Be2 {[%emt 0:00:00] Dodges Nc4} 31. Re1 Bd3 $36 {[%emt 0:00:00][%mdl 2048] ...Rxd5 would now be deadly. Black is more active.} 32. Re3 Bc2 (32... Rxd5 33. Rff3 Bxe4 34. Rxe4 $16) 33. Kf2 f5 (33... f6 $15) 34. Nc4 (34. exf5 $1 $14 Bxf5 35. Rxe5 Rxe5 36. Rxb4) 34... Rxe4 $11 35. Rfxe4 {[%emt 0:00:27] Loses the game.} (35. Rexe4 $11 {and White has nothing to worry.} Bxe4 36. Nxd6) 35... fxe4 $19 36. Nxd6 $11 {[%emt 0:00:30][%mdl 4096] Endgame. KRB-KRN} Bd3 {[%emt 0:00:14] And now ...Kf6 would win.} 37. Nc8 Rd7 38. Nb6 (38. g4 {might work better.}) 38... Rd6 $19 39. Na4 (39. Nc8 {is the only way for White.} Rxd5 40. Re1) 39... Rxd5 40. b3 Kf6 41. Nb2 (41. Re1 $142) 41... Ke5 42. Re1 Kd4 43. Rd1 Kc3 44. Na4+ Kc2 45. Re1 Kd2 {[%emt 0:00:17] [#] ( -> ...Rf5+)} 46. Rg1 e3+ {[%emt 0:00:07] Weighted Error Value: White=0.82/Black=0.28 (precise) .  Loses game:     	White=1     	Black=1      Missed win:     	White=1     	---        Mistake:       	White=4     	Black=1      Inaccurate:     	White=2     	Black=5      OK:         	White=12    	Black=10     Best:        	White=1     	Black=3} 0-1

[Event "French-ch U12-U14 2024"]
[Site "Agen"]
[Date "2024.04.21"]
[Round "9.2"]
[White "Benhadid, Jeilynn"]
[Black "Anseeuw, Emma"]
[Result "1-0"]
[ECO "D24"]
[WhiteElo "1844"]
[BlackElo "1667"]
[Annotator "NA RC COMBH"]
[PlyCount "135"]
[EventDate "2024.04.14"]
[EventType "swiss"]
[EventCountry "FRA"]
[SourceTitle "playchess.com"]
[Source "ChessBase"]
[SourceQuality "1"]
[TimeControl "5400+30"]

1. d4 d5 2. c4 dxc4 3. e3 Nf6 4. Bxc4 e6 5. Nc3 a6 6. a4 b6 7. Nf3 Bb7 8. O-O Nbd7 9. Re1 {[%emt 0:04:44] D24: Queen's Gambit Accepted: 3 Nf3 Nf6 4 Nc3.} Bb4 10. Nd2 (10. Qb3 $11 c5 11. e4) 10... O-O 11. Na2 (11. Qe2 $11) 11... Be7 12. b4 e5 (12... c5 $15 {feels stronger.}) 13. Bb2 exd4 14. Bxd4 c5 15. Bc3 Nd5 16. Bxd5 Bxd5 17. Qb1 (17. Nb3 $11 Be6 18. bxc5) 17... Bf6 (17... Re8 $17) 18. Bxf6 Qxf6 19. e4 (19. Ne4 $15 {feels stronger.} Qh4 20. Nd2) 19... Bb7 20. Qb3 (20. Qc2 $15) 20... Rac8 21. Rac1 {[%emt 0:01:46] [#]} Rfd8 $1 22. Nf3 Ne5 ({Black should try} 22... cxb4 $17 23. Rxc8 Rxc8 24. Nxb4 Nc5) 23. Nxe5 Qxe5 24. f3 Rd2 25. Qc3 Qxc3 26. Nxc3 cxb4 27. Nd5 Rxc1 28. Rxc1 g6 29. Nxb4 a5 30. Nc6 $1 Ra2 31. Ne7+ Kf8 32. Rc7 Ba8 $2 (32... Ra1+ $11 33. Kf2 Ba6) 33. Nc8 Rb2 34. Nxb6 Bxe4 35. Nd7+ Ke8 36. fxe4 Rb4 37. Ra7 Rxa4 38. Nc5 Ra2 39. h3 h6 40. Kh2 Ra3 41. Nb7 Ra4 42. Rxa5 Rxa5 43. Nxa5 Ke7 44. Kg3 Ke6 45. Kf4 f6 46. Nc4 Ke7 47. e5 Ke6 48. exf6 Kxf6 49. Ne3 h5 50. h4 Kg7 51. Kg5 Kh7 52. Nc4 Kg7 53. Ne5 Kh7 54. Nxg6 Kg7 55. Kxh5 Kh7 56. g4 Kg7 57. g5 Kh7 58. Nf4 Kg7 59. g6 Kh8 60. Kh6 (60. Ne6 $142 Kg8 61. Kg5 Kh8 62. Kf6 Kg8 63. g7 Kh7 64. Kf7 Kh6 65. g8=Q Kh5 66. Qg5#) 60... Kg8 61. g7 Kf7 62. Kh7 Kf6 63. g8=Q Ke7 64. Qg6 Kf8 65. Qg7+ (65. Qe4 $142 Kf7 66. Qe6+ Kf8 67. Ng6#) 65... Ke8 66. Nd5 Kd8 67. Qe7+ Kc8 68. Qc7# 1-0

[Event "French-ch U12-U14 2024"]
[Site "Agen"]
[Date "2024.04.21"]
[Round "9.4"]
[White "Manouvel, Maelys"]
[Black "Fei, Emie"]
[Result "1/2-1/2"]
[ECO "B37"]
[WhiteElo "1541"]
[BlackElo "1522"]
[Annotator "NA COMBH"]
[PlyCount "184"]
[EventDate "2024.04.14"]
[EventType "swiss"]
[EventCountry "FRA"]
[SourceTitle "playchess.com"]
[Source "ChessBase"]
[SourceQuality "1"]
[TimeControl "5400+30"]

1. e4 c5 2. Nf3 Nc6 3. d4 cxd4 4. Nxd4 g6 5. c4 Bg7 6. Nc2 Nf6 7. Nc3 O-O 8. Be2 d6 9. Be3 b6 10. O-O Bb7 11. Rc1 Rc8 12. f4 Na5 13. b3 Nxe4 14. Nxe4 Bxe4 15. Bd3 Bb7 16. f5 e6 17. fxg6 fxg6 18. Qg4 Qd7 19. Nd4 Rce8 20. Nb5 Bc8 21. b4 Nc6 22. a3 a6 23. Nd4 Nxd4 24. Bxd4 Bxd4+ 25. Qxd4 Qc6 26. Be4 Qc7 27. c5 bxc5 28. bxc5 d5 29. Bf3 Bd7 30. c6 Bxc6 31. Qc5 Rc8 32. Bxd5 exd5 33. Rxf8+ Rxf8 34. Qxc6 Qxc6 35. Rxc6 a5 36. Rc5 d4 37. Rxa5 Rb8 38. Ra4 d3 39. Rd4 Rb3 40. a4 Ra3 41. Kf2 h5 42. h4 Kf7 43. g3 Kf6 44. Rf4+ Ke5 45. Ke3 d2+ 46. Kxd2 Rxg3 47. Rb4 Rg2+ 48. Ke3 Rg3+ 49. Kf2 Ra3 50. Rb5+ Kf6 51. a5 Kg7 52. Ke2 Ra4 53. Kd3 Rxh4 54. a6 Ra4 55. Rb7+ Kh6 56. a7 h4 57. Kc3 g5 58. Kb3 Ra1 59. Kb2 Ra4 60. Kb3 Ra1 61. Kb2 Ra4 62. Kb3 Ra6 63. Kc3 g4 64. Rb6+ Rxb6 65. a8=Q g3 66. Qh8+ Kg5 67. Qd8+ Rf6 68. Qg8+ Rg6 69. Qd5+ Kh6 70. Qg2 Kh5 71. Kd3 Rf6 72. Ke3 Rf2 73. Qd5+ Kg4 74. Qe6+ Kg5 75. Qe7+ Kh5 76. Qe6 Kg5 77. Qh3 Kh5 78. Qe6 Kg5 79. Qg8+ Kh5 80. Qg7 Rf5 81. Qh7+ Kg5 82. Ke4 Rf2 83. Ke3 Kg4 84. Qg6+ Kh3 85. Qg5 Rf8 86. Qg7 Rf2 87. Qh6 Rf1 88. Qe6+ Kh2 89. Qd6 h3 90. Ke2 Rf2+ 91. Ke1 Kg2 92. Qd5+ Kh2 1/2-1/2

[Event "French-ch U12-U14 2024"]
[Site "Agen"]
[Date "2024.04.21"]
[Round "9.5"]
[White "Findeling Creus, Anais"]
[Black "Duchatel, Cyrielle"]
[Result "0-1"]
[ECO "B28"]
[WhiteElo "1491"]
[BlackElo "1646"]
[Annotator "NA RC COMBH"]
[PlyCount "128"]
[EventDate "2024.04.14"]
[EventType "swiss"]
[EventCountry "FRA"]
[SourceTitle "playchess.com"]
[Source "ChessBase"]
[SourceQuality "1"]
[TimeControl "5400+30"]

1. e4 c5 2. Nf3 a6 3. d4 cxd4 4. Nxd4 Nf6 5. Nc3 e5 6. Nf3 Bb4 7. Bd2 d6 8. Bd3 O-O 9. a3 Bc5 10. O-O Re8 11. Bc4 b5 12. Bd5 Nxd5 13. Nxd5 Bb7 14. Bc3 Nd7 15. Qd3 Nf6 16. Nxf6+ Qxf6 17. Rad1 Rad8 18. b4 Bb6 19. Bb2 Qg6 20. Rfe1 f6 21. Qb3+ Kh8 22. Nd2 f5 23. Qf3 Rf8 24. Qg3 fxe4 25. Qxg6 Bxf2+ 26. Kh1 hxg6 27. Re2 e3 28. Nf1 Rf5 29. Nxe3 Bxe3 30. Rxe3 Rf2 31. Rg3 Rdf8 32. Kg1 Rxc2 33. Bc1 Rff2 34. Rxg6 Rxg2+ 35. Rxg2 Rxg2+ 36. Kf1 Rxh2 37. Rxd6 Rh1+ 38. Ke2 Rxc1 39. Rd8+ Kh7 40. Re8 e4 41. Kd2 Ra1 42. Ke3 Rxa3+ 43. Ke2 Rb3 44. Kd2 Rxb4 45. Ke3 a5 46. Re7 Bd5 47. Rd7 Be6 48. Re7 Bf5 49. Rf7 Bg6 50. Ra7 a4 51. Rd7 a3 52. Rd1 a2 53. Rh1+ Kg8 54. Ra1 Bf7 55. Ke2 Rb1 56. Rxb1 axb1=Q 57. Ke3 Qd3+ 58. Kf2 e3+ 59. Kg2 e2 60. Kf2 Qd2 61. Kg2 e1=Q+ 62. Kf3 Qee3+ 63. Kg4 Qdd4+ 64. Kf5 Qee5# 0-1

[Event "French-ch U12-U14 2024"]
[Site "Agen"]
[Date "2024.04.21"]
[Round "9.8"]
[White "Corral Nehama, Leo"]
[Black "Landolsi, Iyad"]
[Result "1/2-1/2"]
[ECO "C77"]
[WhiteElo "1910"]
[BlackElo "1970"]
[Annotator "TA"]
[PlyCount "141"]
[EventDate "2024.04.14"]
[EventType "swiss"]
[EventCountry "FRA"]
[SourceTitle "playchess.com"]
[Source "ChessBase"]
[SourceQuality "1"]
[TimeControl "5400+30"]

1. e4 e5 2. Nf3 Nc6 3. Bb5 a6 4. Ba4 Nf6 5. d3 Bc5 6. Nc3 b5 7. Bb3 h6 8. Nd5 d6 9. c3 Be6 {[%emt 0:05:03] White has an edge.} 10. Be3 Bxe3 11. fxe3 Na5 12. Nxf6+ Qxf6 13. Bc2 c5 14. O-O Qe7 15. b3 O-O 16. Qe1 Nc6 17. Qg3 Rac8 18. Nh4 Qg5 19. Qxg5 hxg5 20. Nf5 Rfd8 21. Rad1 g6 22. Ng3 Kg7 23. Bb1 f6 24. Rf2 a5 25. Bc2 Ra8 26. c4 ({Better is} 26. d4 $15 Ne7 27. Bd3) 26... b4 (26... Nb4 $17 27. Bb1 bxc4 28. bxc4 Rh8) 27. Ne2 $15 Bg4 28. h3 Bxe2 29. Rxe2 {[%emt 0:00:02] White is weak on the dark squares} Ra7 30. Rf2 Rf7 31. Rdf1 Ra8 32. Bd1 Nd8 33. Kh2 Raa7 34. g3 Ra8 35. Kg2 Nc6 36. Bg4 Re8 37. Rd1 Ra7 38. Rdf1 Rf7 39. Kh2 Nb8 40. Kg2 Nc6 41. Kh2 Nb8 42. Kg2 Nc6 43. h4 gxh4 44. gxh4 Rh8 45. Kg3 Rh6 46. Be6 Rf8 47. Bg4 Rf7 48. Rh1 (48. Be6 $5 Rf8 $8 49. Ra1 $11) 48... Rf8 49. Rhf1 Rf7 50. Rh2 (50. Be6 $5 Rf8 $8 51. Bg4 $11) 50... Ne7 51. Rhf2 (51. Be6 $5 Rf8 $8 52. Rhf2 $11) 51... Nc6 52. Be6 Rf8 53. Bd7 Ne7 54. Be6 Nc6 55. Bg4 Rf7 56. a3 bxa3 {[%emt 0:02:07] [#] ...Nb4 would now be deadly.} 57. Ra2 (57. Ra1 $11) 57... Rh8 (57... Nb4 $1 $15 58. Rxa3 Nc2 (58... Nxd3 59. Rxa5 Nb4 60. Rf2 $16) 59. Rxa5 Nxe3) 58. Rxa3 $11 {[%emt 0:00:07] The position is equal.} Re7 59. Rb1 Rb8 60. Rb2 Rb4 61. Rf2 Reb7 62. Bd1 R4b6 63. Raa2 Ra7 64. Rf1 Rb8 65. Raf2 Rf8 66. Kg4 Nb4 67. Rd2 Nc6 68. Kg3 Kh6 69. Bg4 Rb7 70. Bd1 Ra7 71. Rdf2 {[%emt 0:02:27] Weighted Error Value: White=0.07 (flawless) /Black=0.07 (flawless) .  Mistake:       	White=2     	Black=2      Inaccurate:     	White=2     	Black=4      OK:         	White=22    	Black=17} 1/2-1/2